 Dungeon Crawl Stone Soup version 0.22.1-1-ga44c0e5 (webtiles) character file.

625 eccles the Chopper (level 7, -2/62 HPs)
             Began as a Minotaur Berserker on Oct 26, 2018.
             Was a Priest of Trog.
             Slain by an orc warrior
             ... wielding a +0 battleaxe
              (16 damage)
             ... on level 5 of the Dungeon.
             The game lasted 00:21:44 (3779 turns).

eccles the Chopper (Minotaur Berserker)             Turns: 3779, Time: 00:21:45

Health: -2/62      AC:  9    Str: 22    XL:     7   Next: 23%
Magic:  6/6        EV:  9    Int:  4    God:    Trog [***...]
Gold:   161        SH:  4    Dex: 11    Spells: 6/6 levels left

rFire    . . .     SeeInvis .   a - +0 hand axe
rCold    . . .     Gourm    .   r - +1 buckler (curse)
rNeg     . . .     Faith    .   j - +0 chain mail
rPois    .         Spirit   .   (helmet restricted)
rElec    .         Reflect  .   (no cloak)
rCorr    .         Harm     .   (no gloves)
MR       .....                  (no boots)
Stlth    ..........             (no amulet)
HPRegen  0.20/turn              (no ring)
MPRegen  0.10/turn              (no ring)

@: lethally poisoned (-2 -> -4)
A: retaliatory headbutt, horns 2
a: Berserk, Trog's Hand, Renounce Religion


You were on level 5 of the Dungeon.
You worshipped Trog.
Trog was most pleased with you.
You were hungry.

You visited 1 branch of the dungeon, and saw 5 of its levels.
You also visited: Sewer.

You collected 161 gold pieces.

Inventory:

Hand Weapons
 a - a +0 hand axe (weapon)
Missiles
 k - 3 javelins (quivered)
Armour
 b - a +0 animal skin
 i - a +1 leather armour of poison resistance
 j - a +0 chain mail (worn)
 r - a cursed +1 buckler (worn)
Jewellery
 o - a +3 ring of evasion {unknown}
Scrolls
 d - 2 scrolls of immolation
 e - a scroll of amnesia
 g - 5 scrolls of teleportation
 h - a scroll of remove curse {unknown}
 l - a scroll of enchant armour
 n - a scroll of fear {unknown}
 v - a scroll of blinking {unknown}
 x - a scroll of magic mapping {unknown}
Potions
 p - 2 potions of flight
 s - a potion of lignification {unknown}
 t - a potion of agility
 u - 4 potions of heal wounds
 w - a potion of curing
Comestibles
 c - 6 rations
 f - a chunk of flesh


   Skills:
 + Level 5.7 Fighting
 + Level 7.1 Axes
 + Level 4.1 Armour
 + Level 3.7 Dodging
 + Level 1.0 Stealth
 + Level 1.5 Shields


You had 6 spell levels left.
You didn't know any spells.
Your spell library was empty.

Dungeon Overview and Level Annotations

Branches:
Dungeon (5/15)
 Temple: D:4-7

Altars:
Fedhas
Kikubaaqudgha
Ru
Sif Muna
Xom
The Shining One


Innate Abilities, Weirdness & Mutations

You reflexively headbutt those who attack you in melee.
You have a pair of horns on your head.


Message History

You closely miss the orc warrior. You headbutt the orc warrior!
The orc warrior is heavily wounded.
The orc warrior hits you with a battleaxe!!
You hear a shout!
You barely miss the orc warrior.
The orc warrior is heavily wounded.
You feel sick.
You hear a shout!
You hit the orc warrior. You headbutt the orc warrior.
The orc warrior is heavily wounded.
The orc warrior barely misses you.
You barely miss the orc warrior.
The orc warrior is heavily wounded.
The orc warrior hits you with a battleaxe!
* * * LOW HITPOINT WARNING * * *
You hit the orc warrior but do no damage.
You headbutt the orc warrior.
The orc warrior is heavily wounded.
The orc warrior hits you with a battleaxe!
You die...

#. #.# .. #.# o.
#.# #.##.#### #.
.%...# #. #.##)#
#o##o##.########
#..@............
#.##.##.########
#.##.##.########
#..............#
##############.#
#.# #.#
########.#
#........#


You could see an orc warrior and an orc.

Vanquished Creatures
  A phantom (D:4)
  2 scorpions
  2 crimson imps (D:5)
  2 orc priests (D:3)
  3 orc wizards
  An iguana (D:5)
  2 worker ants
  6 adders
  An adder skeleton (D:4)
  2 worms
  2 dart slugs
  2 leopard geckos (D:4)
  10 orcs
  6 bats
  5 giant cockroaches
  6 goblins
  2 hobgoblins (D:1)
  15 jackals
  3 ball pythons (Sewer)
  6 frilled lizards
  12 kobolds
  4 rats
  4 plants (Sewer)
99 creatures vanquished.

Vanquished Creatures (others)
  A plant (Sewer)
1 creature vanquished.

Grand Total: 100 creatures vanquished

Notes
Turn   | Place    | Note
-------+----------+-------------------------------------------
     0 | D:1      | eccles the Minotaur Berserker began the quest for the Orb.
     0 | D:1      | Reached XP level 1. HP: 19/19 MP: 0/0
   165 | D:1      | Reached XP level 2. HP: 17/27 MP: 1/1
   318 | D:1      | Reached skill level 4 in Axes
  1028 | D:2      | Found a faded altar of an unknown god.
  1059 | D:2      | Reached XP level 3. HP: 31/34 MP: 2/2
  1463 | D:2      | Found a blossoming altar of Fedhas.
  1469 | D:2      | Found a sacrificial altar of Ru.
  1580 | D:3      | Reached ** piety under Trog
  1594 | D:3      | Reached XP level 4. HP: 23/41 MP: 3/3
  1600 | D:3      | HP: 1/61 [orc priest/divine providence (15)]
  1602 | D:3      | Reached skill level 5 in Axes
  2011 | D:3      | Reached XP level 5. HP: 43/47 MP: 4/4
  2015 | D:3      | Reached skill level 5 in Fighting
  2037 | D:3      | Found a glowing golden altar of the Shining One.
  2039 | D:3      | Found a shimmering altar of Xom.
  2090 | D:3      | Found an ancient bone altar of Kikubaaqudgha.
  2301 | D:3      | Found a deep blue altar of Sif Muna.
  2378 | D:4      | Noticed a phantom
  2409 | D:4      | Killed a phantom
  2409 | D:4      | Reached skill level 6 in Axes
  2409 | D:4      | Reached XP level 6. HP: 53/56 MP: 5/5
  2712 | D:4      | Found a glowing drain.
  2716 | Sewer    | Entered a sewer
  2886 | Sewer    | Reached *** piety under Trog
  3403 | Sewer    | Paralysed by fainting for 6 turns
  3440 | Sewer    | Paralysed by fainting for 11 turns
  3461 | Sewer    | Paralysed by fainting for 7 turns
  3485 | Sewer    | Paralysed by fainting for 11 turns
  3689 | D:5      | Entered Level 5 of the Dungeon
  3707 | D:5      | Reached skill level 7 in Axes
  3707 | D:5      | Reached XP level 7. HP: 62/62 MP: 6/6
  3755 | D:5      | Reached skill level 1 in Stealth
  3756 | D:5      | Reached skill level 1 in Shields
  3779 | D:5      | Slain by an orc warrior

Skill      XL: |  1  2  3  4  5  6  7 |
---------------+----------------------+-----
Fighting       | 4 5 |  5.7
Axes           | 4 5 6 7 |  7.1
Dodging        | 3 |  3.7
Armour         | 3 4 |  4.1
Stealth        | 1 |  1.0
Shields        | 1 |  1.5

Action                   |  1- 3 |  4- 6 |  7- 9 || total
-------------------------+-------+-------+-------++-------
Melee: Hand axe          |    43 |   304 |    18 ||   365
       Headbutt          |     8 |    70 |     8 ||    86
Invok: Berserk           |     1 |     1 |       ||     2
  Use: Potion            |       |     5 |       ||     5
       Scroll            |       |     5 |       ||     5
  Eat: Chunk             |     2 |     6 |       ||     8
       Ration            |       |     1 |       ||     1
Armor: Animal skin       |     3 |       |       ||     3
       Chain mail        |       |   126 |     3 ||   129
Dodge: Dodged            |    38 |    46 |     9 ||    93
Block: Buckler           |       |    29 |     1 ||    30
